 Dungeon Crawl Stone Soup version 0.24.0-123-gd5b16e6ec5 (webtiles) character file.

Game seed: 5916546892954904124, levelgen mode: deterministic

255 Norian the Conjurer (level 5, -8/28 HPs)
             Began as a Deep Elf Conjurer on Dec 18, 2019.
             Mangled by an orc warrior
             ... wielding a +0 halberd
              (25 damage)
             ... on level 3 of the Dungeon.
             The game lasted 00:12:02 (2938 turns).

Norian the Conjurer (Deep Elf Conjurer)             Turns: 2938, Time: 00:12:03

Health: -8/28      AC:  2    Str:  6    XL:     5   Next: 91%
Magic:  0/15       EV: 13    Int: 20    God:
Gold:   134        SH:  0    Dex: 15    Spells: 9/16 levels left

rFire    . . .     SeeInvis .   l - +4 short sword (speed)
rCold    . . .     Gourm    .   (no shield)
rNeg     . . .     Faith    .   a - +0 robe
rPois    .         Spirit   .   (no helmet)
rElec    .         Reflect  .   (no cloak)
rCorr    .         Harm     .   (no gloves)
MR       .....                  (no boots)
Stlth    ++........             (no amulet)
HPRegen  0.09/turn              (no ring)
MPRegen  0.14/turn              (no ring)

@: very slightly contaminated
A: no striking features
a: no special abilities


You were on level 3 of the Dungeon.
You were hungry.

You visited 1 branch of the dungeon, and saw 3 of its levels.

You collected 134 gold pieces.

Inventory:

Hand Weapons
 l - a +4 short sword of speed (weapon)
Armour
 a - a +0 robe (worn)
Jewellery
 f - an uncursed ring of protection from fire {unknown}
 k - a cursed ring of protection from magic {unknown}
Scrolls
 d - 4 scrolls of remove curse {unknown}
 e - a scroll of blinking {unknown}
 g - a scroll of teleportation {unknown}
 h - 5 scrolls of identify {unknown}
 i - a scroll of amnesia {unknown}
 m - 2 scrolls of enchant weapon {unknown}
Potions
 b - a potion of curing {unknown}
 j - 2 potions of brilliance
Comestibles
 c - 12 rations


   Skills:
 - Level 2.4 Dodging
 - Level 2.4 Stealth
 + Level 6.2 Spellcasting
 + Level 6.4 Conjurations


You had 9 spell levels left.
You knew the following spells:

 Your Spells              Type           Power        Failure   Level  Hunger
a - Magic Dart            Conj           ####         1%          1    None
b - Searing Ray           Conj           ####..       1%          2    None
c - Iskenderun's Mystic   Conj           ####....     8%          4    ####...

Your spell library contained the following spells:

 Spells                   Type           Power        Failure   Level  Hunger
 Dazzling Spray           Conj/Hex       ###...       9%          3    ##.....
 Force Lance              Conj/Tloc      ###.....     26%         4    ####...
 Fulminant Prism          Conj/Hex       ###.......   26%         4    ####...


Dungeon Overview and Level Annotations

Branches:
Dungeon (3/15)

Altars:
Cheibriados
Dithmenos
Fedhas
Okawaru
Ru
Sif Muna
Trog
Uskayaw
Yredelemnul
The Shining One


Message History

Wisps of smoke drift from your hands.
You are feeling hungry.
Casting: Iskenderun's Mystic Blast (safe; 8% risk of failure)
Confirm with . or Enter, or press ? or * to list all spells.
You don't have enough magic to cast that spell.
Casting: Iskenderun's Mystic Blast (safe; 8% risk of failure)
Confirm with . or Enter, or press ? or * to list all spells.
Aiming: Searing Ray (safe; 1% risk of failure)
Press: ? - help, Shift-Dir - straight line, f/p - orc warrior
Aim: an orc warrior, wielding a +0 halberd and wearing a +0 chain mail (moderately wounded)
The searing ray misses the orc warrior. (Press . to maintain the ray.)
The orc warrior barely misses you.
The searing ray hits the orc warrior.
The orc warrior is heavily wounded.
The orc warrior hits you with a +0 halberd!
Without enough magic to sustain it, your searing ray dissipates.
The orc warrior hits you with a +0 halberd!!
Ouch! That really hurt!
You die...

........#.)...#...#
##########...
####.####.#[..#.#.#
#..........## #.#
#.#.###)#.###.######.....
#.#
#..)..).#>....#....#.####
#.# ####)##########.#.##.#
#.# #..........####.#.)..#
####.#
#.##)#####.#....######
o....# #.##)#<..#.#.####
###..# #o##.###@#.#.#
######## #<#.o#
#.#....o.#.#.# #......#
#.#..# #.#..#####...#
#.####.#
#o#..####.#........#.# #.#
#.# #.#...o...#........#.#
#.# #.#
#.##.###################.#
#.#
#.##(....................#
#.#
).########################
#.# ### #.#######.#


You could see an orc warrior.

Vanquished Creatures
  3 orc priests
  An orc wizard (D:3)
  5 adders
  3 worms
  5 dart slugs
  A leopard gecko (D:1)
  15 orcs
  3 ball pythons (D:1)
  8 bats
  5 giant cockroaches
  6 goblins
  7 hobgoblins
  2 jackals (D:3)
  4 kobolds
  A quokka (D:3)
  A leopard gecko zombie (D:3)
  6 rats
76 creatures vanquished.

Notes
Turn   | Place    | Note
-------+----------+-------------------------------------------
     0 | D:1      | Norian the Deep Elf Conjurer began the quest for the Orb.
     0 | D:1      | Reached XP level 1. HP: 10/10 MP: 6/6
   122 | D:1      | Reached XP level 2. HP: 15/15 MP: 1/8
   717 | D:2      | Reached skill level 5 in Conjurations
   717 | D:2      | Reached XP level 3. HP: 19/19 MP: 3/10
   843 | D:2      | Learned a level 2 spell: Searing Ray
   944 | D:2      | Reached XP level 4. HP: 24/24 MP: 4/12
  1081 | D:2      | Reached skill level 5 in Spellcasting
  1119 | D:2      | Found a sacrificial altar of Ru.
  1120 | D:2      | Found a hide-covered altar of Uskayaw.
  1120 | D:2      | Found an iron altar of Okawaru.
  1131 | D:2      | Found a shimmering blue altar of Sif Muna.
  1133 | D:2      | Found a snail-covered altar of Cheibriados.
  1331 | D:2      | Found a shadowy altar of Dithmenos.
  1333 | D:2      | Found a bloodstained altar of Trog.
  1468 | D:3      | Found a glowing golden altar of the Shining One.
  1477 | D:3      | Found a basalt altar of Yredelemnul.
  1479 | D:3      | Noticed an orc warrior
  1703 | D:3      | Reached XP level 5. HP: 28/28 MP: 2/14
  1803 | D:3      | Learned a level 4 spell: Iskenderun's Mystic Blast
  1981 | D:3      | Found a blossoming altar of Fedhas.
  2938 | D:3      | Mangled by an orc warrior

Levels and vault maps discovered:
D:1:      dpeg_arrival_pits, layout_basic
D:2:      layout_rooms, minitemple, nicolae_overflow_hidden_temple,
          chequers_serial_rivers_micro_d
D:3:      layout_basic, grunt_temple_overflow_holy_war, first_ration,
          fedhas_altar_2

Skill      XL: |  1  2  3  4  5 |
---------------+----------------+-----
Spellcasting   | 4 5 6 |  6.2
Conjurations   | 5 6 |  6.4
Dodging        | |  2.4
Stealth        | |  2.4

Action                   |  1- 3 |  4- 6 || total
-------------------------+-------+-------++-------
Melee: Dagger            |     1 |       ||     1
       Short sword       |       |    15 ||    15
 Cast: Magic Dart        |    65 |    70 ||   135
       Searing Ray       |       |     8 ||     8
       Iskenderun's Myst |       |    12 ||    12
  Use: Potion            |       |     2 ||     2
  Eat: Chunk             |       |     7 ||     7
Armor: Robe              |     3 |       ||     3
Dodge: Dodged            |     9 |    30 ||    39
